 Dungeon Crawl Stone Soup version 0.25-a0-781-gc44aebf4fe (webtiles) character file.

Game seed: 4354246815498415133, levelgen mode: deterministic

24 MirrMurr the Sneak (level 2, -2/13 HPs)
             Began as a Spriggan Enchanter on Apr 15, 2020.
             Slain by a kobold
             ... wielding a +2 whip of freezing
              (4 damage)
             ... on level 1 of the Dungeon.
             The game lasted 00:01:26 (788 turns).

MirrMurr the Sneak (Spriggan Enchanter)              Turns: 788, Time: 00:01:26

Health: -2/13      AC:  2    Str:  4    XL:     2   Next: 79%
Magic:  2/6        EV: 18    Int: 16    God:
Gold:   67         SH:  0    Dex: 16    Spells: 3/6 levels left

rFire    . . .     SeeInvis +   a - +1 dagger
rCold    . . .     Gourm    .   (shield restricted)
rNeg     . . .     Faith    .   b - +0 robe
rPois    .         Spirit   .   (helmet restricted)
rElec    .         Reflect  .   (no cloak)
rCorr    .         Harm     .   (gloves unavailable)
MR       .....                  (boots unavailable)
Stlth    +++.......             (no amulet)
HPRegen  0.04/turn              (no ring)
MPRegen  0.10/turn              (no ring)

@: very quick
A: very small, unfitting armour, see invisible, herbivore, speed 3, slow
metabolism 2
a: no special abilities


You were on level 1 of the Dungeon.
You were not hungry.

You visited 1 branch of the dungeon, and saw 1 of its levels.

You collected 67 gold pieces.

Inventory:

Hand Weapons
 a - a +1 dagger (weapon)
Armour
 b - a +0 robe (worn)
Scrolls
 d - a scroll of fog {unknown}
 e - 2 scrolls of identify {unknown}
 g - a scroll of random uselessness {unknown}
 h - a scroll of teleportation {unknown}
Potions
 f - a potion of invisibility {unknown}
Comestibles
 c - 3 rations


   Skills:
 + Level 2.3 Short Blades
 - Level 3.0 Dodging
 + Level 5.4 Stealth
 - Level 2.6 Spellcasting
 - Level 3.6 Hexes


You had 3 spell levels left.
You knew the following spells:

 Your Spells              Type           Power        Failure   Level  Hunger
a - Ensorcelled Hibernat  Hex/Ice        #.....       14%         2    ##.....
C - Corona                Hex            ##.....      4%          1    #......

Your spell library contained the following spells:

 Spells                   Type           Power        Failure   Level  Hunger
 Confusing Touch          Hex            ##......     13%         3    ###....
 Tukima's Dance           Hex            ##......     13%         3    ###....
 Dazzling Flash           Conj/Hex       #.....       28%         3    ###....


Dungeon Overview and Level Annotations

Branches:
Dungeon (1/15)

Altars:
Nemelex Xobeh


Innate Abilities, Weirdness & Mutations

You are very small and have problems with some larger weapons.
You are too small for most types of armour.
You have supernaturally acute eyesight. (SInv)
You are a herbivore.
You cover ground extremely quickly.
You need to consume almost no food.


Message History

The kobold hits you with a +2 whip of freezing.
The kobold freezes you.
* * * LOW HITPOINT WARNING * * *
You are too injured to fight recklessly!
You are too injured to fight recklessly!
You are too injured to fight recklessly!
Cast which spell? (? or * to list)
Aiming: Ensorcelled Hibernation (safe; 14% risk of failure)
Press: ? - help, Shift-Dir - straight line, f - kobold
Aim: a kobold, wielding a +2 whip of freezing and quivering 2 stones (chance to defeat MR: 56%)
The kobold resists with significant effort.
The kobold misses you.
Casting: Ensorcelled Hibernation (safe; 14% risk of failure)
Confirm with . or Enter, or press ? or * to list all spells.
Aiming: Ensorcelled Hibernation (safe; 14% risk of failure)
Press: ? - help, Shift-Dir - straight line, f/p - kobold
Aim: a kobold, wielding a +2 whip of freezing and quivering 2 stones (chance to defeat MR: 56%)
The kobold resists with significant effort.
The kobold hits you with a +2 whip of freezing.
You die...

.##....†).####.
#######
............... ..#
........####### ..#
....##...# ..#
....##.#.#### ..#
... #.......#
..##### ..
#..##.#.# .......
#.. #...####...#
#.. ##†.(K@....#
#.. #..#####..# ##
#.................
#.
#.###....b.##..#.#.
#. ........... # #.
###......#... #.
.......# .. #.
##......# . #.
#....... #.


You could see a kobold.

Vanquished Creatures
  A leopard gecko (D:1)
  A ball python (D:1)
  2 giant cockroaches (D:1)
  3 goblins (D:1)
  3 jackals (D:1)
  7 bats (D:1)
  2 frilled lizards (D:1)
  2 kobolds (D:1)
  A rat (D:1)
22 creatures vanquished.

Notes
Turn   | Place    | Note
-------+----------+-------------------------------------------
     0 | D:1      | MirrMurr the Spriggan Enchanter began the quest for the
                  | Orb.
     0 | D:1      | Reached XP level 1. HP: 9/9 MP: 5/5
   382 | D:1      | Found a sparkling altar of Nemelex Xobeh.
   385 | D:1      | Reached XP level 2. HP: 13/13 MP: 6/6
   389 | D:1      | Learned a level 2 spell: Ensorcelled Hibernation
   490 | D:1      | Reached skill level 5 in Stealth
   788 | D:1      | Slain by a kobold

Levels and vault maps discovered:
D:1:      dpeg_arrival_tiny_d, layout_basic, nemelex_diamond_rough_becter

Skill      XL: |  1  2 |
---------------+-------+-----
Stealth        | 5 |  5.4
Short Blades   | 2 |  2.3
Dodging        | |  3.0
Spellcasting   | |  2.6
Hexes          | |  3.6

Action                   || total
-------------------------++-------
Melee: Dagger            ||   115
 Cast: Ensorcelled Hiber ||     2
 Stab: Distracted        ||     2
Armor: Robe              ||    18
Dodge: Dodged            ||   132

Table legend:
 A = Non-vault XP
 B = Vault XP
 C = Vault XP percentage of total XP
 D = Non-vault monster count
 E = Vault monster count
 F = Vault count percentage of total count
                 A         B        C        D         E       F
            +---------+---------+-------+---------+---------+-------
      Total |      35 |       0 |   0.0 |      22 |       0 |   0.0
            +---------+---------+-------+---------+---------+-------
        D:1 |      35 |       0 |   0.0 |      22 |       0 |   0.0
            +---------+---------+-------+---------+---------+-------
